 Dungeon Crawl Stone Soup version 0.21-a0-228-g14ccbf3 (webtiles) character file.

21 4thArraOfDagon the Magician (level 2, -2/22 HPs)
             Began as a Mummy Warper on Aug 31, 2017.
             Was an Initiate of Nemelex Xobeh.
             Slain by an adder (4 damage)
             ... on level 2 of the Dungeon.
             The game lasted 00:02:56 (742 turns).

4thArraOfDagon the Magician (Mummy Warper)           Turns: 742, Time: 00:02:56

Health: -2/22      AC:  3    Str: 14    XL:     2   Next: 62%
Magic:  5/5        EV: 12    Int: 12    God:    Nemelex Xobeh [......]
Gold:   58         SH:  0    Dex: 11    Spells: 6/6 levels left

rFire    x . .     SeeInvis +   a - +0 falchion
rCold    + . .     Gourm    .   (no shield)
rNeg     + + +     Faith    .   b - +0 leather armour
rPois    ∞         Spirit   .   (no helmet)
rElec    .         Reflect  .   (no cloak)
rCorr    .         Harm     .   (no gloves)
MR       .....                  (no boots)
Stlth    +.........             (no amulet)
HPRegen  0.07/turn              g - ring of see invisible
MPRegen  0.09/turn              (no ring)

@: very slightly contaminated
A: no food or potions, fire vulnerability, cold resistance 1, negative energy
resistance 3, torment resistance, unbreathing
a: Renounce Religion


You were on level 2 of the Dungeon.
You worshipped Nemelex Xobeh.
Nemelex Xobeh was noncommittal.
You were not hungry.

You visited 1 branch of the dungeon, and saw 4 of its levels.

You collected 58 gold pieces.

Inventory:

Hand Weapons
 a - a +0 falchion (weapon)
Missiles
 e - 5 tomahawks of dispersal (quivered)
Armour
 b - a +0 leather armour (worn)
Jewellery
 g - a ring of see invisible (left hand)
Wands
 h - a wand of confusion (22/48)
Scrolls
 d - 2 scrolls of blinking
 f - 2 scrolls of teleportation {unknown}
 i - a scroll of magic mapping {unknown}
 j - 2 scrolls of identify {unknown}
Books
 c - a book of Spatial Translocations

   Spells                             Type                      Level
   a - Blink                          Translocation                2
   b - Shroud of Golubria             Charms/Translocation         2
   c - Lesser Beckoning               Translocation                3
   d - Gell's Gravitas                Translocation                3
   e - Teleport Other                 Translocation                3
   f - Passage of Golubria            Translocation                4
Miscellaneous
 k - a plain deck of escape {drawn: 4}


   Skills:
 - Level 2.0 Fighting
 * Level 2.2 Long Blades
 - Level 0.7 Throwing
 + Level 1.0 Armour
 + Level 1.9 Dodging
 - Level 2.6 Spellcasting
   Level 2.4 Translocations
 + Level 0.0 Invocations


You had 6 spell levels left.
You didn't know any spells.

Dungeon Overview and Level Annotations

Branches:
Dungeon (4/15)
 Temple: D:4-7

Altars:
Ashenzari
Nemelex Xobeh
Qazlal
Uskayaw


Innate Abilities, Weirdness & Mutations

You do not eat or drink.
Your flesh is vulnerable to fire.
You are immune to poison.
Your flesh is cold resistant. (rC+)
You are immune to negative energy. (rN+++)
You are immune to unholy pain and torment.
You can survive without breathing.


Message History

You are very lightly contaminated with residual magic.
As you read the scroll of blinking, it crumbles to dust.
Found a scroll labeled UCRIWASHR XUKHLAQ.
Unknown command.
Evoke which item? (* to show all) (? for menu, Esc to quit)
You draw a card...
It is the Tomb.
Walls emerge from the floor!
Evoke which item? (* to show all) (? for menu, Esc to quit)
You draw a card...
It is the Tomb.
Walls emerge from the floor!
You start resting.
The walls disappear!
Unknown command.
Evoke which item? (* to show all) (? for menu, Esc to quit)
Aiming: Confuse (will waste charges)
Press: ? - help, Shift-Dir - straight line, f - adder
Aim: an adder (chance to defeat MR: 54%)
The adder resists with significant effort.
Evoking this partially-identified wand wasted a few charges.
The adder bites you.
You die...
Your body disappears without a glow.

#.#.#.#
#.#.#.#
#.#.#..
#.#.##.#
#.#.# .#
####.#.##.#
.........##.#
#.........?
###@S......
######.##


You could see an adder.

Vanquished Creatures
  An ooze (D:3)
  A dart slug (D:3)
  A leopard gecko (D:3)
  2 goblins
  3 jackals (D:2)
  2 kobolds
  A bat (D:2)
  3 frilled lizards
14 creatures vanquished.

Notes
Turn   | Place    | Note
-------+----------+-------------------------------------------
     0 | D:1      | 4thArraOfDagon the Mummy Warper began the quest for the Orb.
     0 | D:1      | Reached XP level 1. HP: 16/16 MP: 4/4
   407 | D:3      | Found a hide-covered altar of Uskayaw.
   410 | D:3      | Found a stormy altar of Qazlal.
   413 | D:3      | Reached skill level 1 in Armour
   417 | D:3      | Reached XP level 2. HP: 15/22 MP: 5/5
   421 | D:3      | Found a sparkling altar of Nemelex Xobeh.
   422 | D:3      | Found a shattered altar of Ashenzari.
   554 | D:3      | Became a worshipper of Nemelex Xobeh the Trickster
   717 | D:2      | Received a gift from Nemelex Xobeh
   727 | D:2      | HP: 1/22 [adder (4)]
   742 | D:2      | Slain by an adder

Vault maps used:
D:1:      saegor_arrival_simple_f, minmay_stone_trees_small,
          minmay_misc_feat_room
D:2:      grunt_temple_overflow_magic_moments
D:3:      minitemple

Skill      XL: |  1 |
---------------+----+-----
Long Blades    | 2 |  2.2
Armour         | 1 |  1.0
Fighting       | |  2.0
Throwing       | |  0.7
Dodging        | |  1.9
Spellcasting   | |  2.6
Translocations | |  2.4

Action                   || total
-------------------------++-------
Melee: Falchion          ||    44
Evoke: Deck              ||     4
       Wand              ||     1
  Use: Scroll            ||     2
Armor: Leather armour    ||    22
Dodge: Dodged            ||    49
       Rpst.: Falchion   ||     9

Table legend:
 A = Spawn XP
 B = Non-spawn XP
 C = Spawn XP percentage of total XP
 D = Spawn monster count
 E = Non-spawn monster count
 F = Spawn count percentage of total count
 G = Total turns spent on level
                    A         B        C        D         E        F      G
               +---------+---------+-------+---------+---------+-------+---------
         Total |       0 |      30 |   0.0 |       0 |      14 |   0.0 |   742
               +---------+---------+-------+---------+---------+-------+---------
           D:1 |       0 |       3 |   0.0 |       0 |       2 |   0.0 |    57
           D:2 |       0 |       9 |   0.0 |       0 |       6 |   0.0 |   131
           D:3 |       0 |      18 |   0.0 |       0 |       6 |   0.0 |   538
               +---------+---------+-------+---------+---------+-------+---------
